 Dungeon Crawl Stone Soup version 0.21.1-1-g345015f (webtiles) character file.

5014 Mgcat the Fighter (level 10, -3/99 HPs)
             Began as a Gargoyle Gladiator on Feb 12, 2018.
             Was a Believer of Ru.
             Slain by a skeletal warrior
             ... wielding a +0 flail
              (9 damage)
             ... on level 8 of the Dungeon on Feb 13, 2018.
             The game lasted 00:26:09 (9048 turns).

Mgcat the Fighter (Gargoyle Gladiator)              Turns: 9048, Time: 00:26:10

Health: -3/99      AC: 25    Str: 18    XL:     10   Next: 54%
Magic:  0/10       EV:  2    Int:  9    God:    Ru [**....]
Gold:   543        SH:  0    Dex: 14    Spells: 9/9 levels left

rFire    + . .     SeeInvis .   p - +3 battleaxe (chop) (curse)
rCold    . . .     Gourm    .   (shield currently unavailable)
rNeg     + + +     Faith    .   (armour currently unavailable)
rPois    ∞         Spirit   +   (helmet currently unavailable)
rElec    .         Reflect  .   (cloak currently unavailable)
rCorr    .         Harm     .   (gloves currently unavailable)
MR       .....     NoTele   +   (boots currently unavailable)
Stlth    ++........             g - amulet of guardian spirit (curse) {Spirit}
HPRegen  0.26/turn              u - ring of protection from fire {rF+, !d}
MPRegen  0.12/turn              v - ring of stealth {Stlth+}

@: tree-form, no potions
A: negative energy resistance 1, petrification resistance, rot immunity,
inability to drink while threatened, hated by all, AC +7
a: Renounce Religion


You were on level 8 of the Dungeon.
You worshipped Ru.
Ru was pleased with you.
You were very hungry.
You were a tree.
You visited 2 branches of the dungeon, and saw 10 of its levels.

You collected 543 gold pieces.

Inventory:

Hand Weapons
 a - a +0 war axe
 p - a cursed +3 battleaxe of chopping (weapon)
   (You took it off a wight on level 8 of the Dungeon)
Missiles
 r - 20 tomahawks (quivered)
Armour
 c - a +0 helmet (melded)
 d - a +0 pair of boots (melded)
   (You found it on level 7 of the Dungeon)
 m - a +0 pair of gloves (melded)
   (You found it on level 4 of the Dungeon)
 n - a +0 ring mail (melded)
   (You found it on level 2 of the Dungeon)
Jewellery
 g - a cursed amulet of guardian spirit (around neck) {Spirit}
   (You found it on level 4 of the Dungeon)
 u - a ring of protection from fire (left branch) {rF+, !d}
   (You found it on level 4 of the Dungeon)
 v - a ring of stealth (right branch) {Stlth+}
   (You found it on level 7 of the Dungeon)
Scrolls
 b - 4 scrolls of teleportation
 h - 3 scrolls of identify
 j - a scroll of enchant weapon {unknown}
 o - 2 scrolls of magic mapping {!r}
 q - a scroll of fear {unknown}
 t - 5 scrolls of remove curse
Potions
 e - 2 potions of cancellation
 i - a potion of resistance {unknown}
 k - a potion of brilliance
 l - a potion of lignification {!q}
Comestibles
 f - 17 rations


   Skills:
 + Level 9.1 Fighting
 + Level 7.9 Axes
 - Level 5.9 Throwing
 + Level 8.4 Armour
 - Level 3.0 Dodging


You had 9 spell levels left.
You didn't know any spells.

Dungeon Overview and Level Annotations

Branches:
Dungeon (9/15)             Temple (1/1) D:5
   Lair: D:8-11         Orc: D:9-12

Altars:
Ashenzari
Elyvilon
Hepliaklqana
Kikubaaqudgha
Nemelex Xobeh
Ru
Uskayaw
Yredelemnul

Annotations:
D:8 Gastronok; Psyche; nikopol's ghost, novice DEFE


Innate Abilities, Weirdness & Mutations

You are resistant to torment.
((Your stone body is resilient. (AC +7)))
You are immune to poison.
You resist negative energy. (rN+)
((You are resistant to electric shocks. (rElec)))
((You can survive without breathing.))
You are immune to petrification.
You are immune to rotting.
You cannot drink potions while threatened.
You are hated by all.


Message History

The skeletal warrior hits you with a flail!!
You are too injured to fight recklessly!
You are too injured to fight recklessly!
You are too injured to fight recklessly!
You are too injured to fight recklessly!
You slash the skeletal warrior!
The skeletal warrior is heavily damaged.
The skeletal warrior closely misses you.
You hit the skeletal warrior but do no damage.
The skeletal warrior is heavily damaged.
The skeletal warrior hits you with a flail!!
You feel threatened and lose the ability to drink potions!
You hit the skeletal warrior but do no damage.
The skeletal warrior is heavily damaged.
The skeletal warrior hits you but does no damage. x2
You slash the skeletal warrior!
The skeletal warrior is severely damaged.
The skeletal warrior hits you with a flail!
* * * LOW HITPOINT WARNING * * *
You closely miss the skeletal warrior.
The skeletal warrior is severely damaged.
The skeletal warrior hits you but does no damage.
You barely miss the skeletal warrior.
The skeletal warrior is severely damaged.
The skeletal warrior is stunned by your will and fails to attack.
You closely miss the skeletal warrior.
The skeletal warrior is severely damaged.
The skeletal warrior completely misses you.
You slash the skeletal warrior!
The skeletal warrior is almost destroyed.
The howler monkey begins to attack, but is stunned by your will!
The skeletal warrior hits you but does no damage.
You hit the skeletal warrior but do no damage.
The skeletal warrior is almost destroyed.
The skeletal warrior hits you but does no damage.
You hit the skeletal warrior but do no damage.
The skeletal warrior is almost destroyed.
The skeletal warrior hits you with a flail.
* * * LOW HITPOINT WARNING * * *
You hit the skeletal warrior but do no damage.
The skeletal warrior is almost destroyed.
The skeletal warrior closely misses you.
A skeletal warrior comes into view. It is wielding a mace of crushing.
You barely miss the skeletal warrior.
The skeletal warrior is almost destroyed.
The skeletal warrior hits you with a flail!
* * * LOW HITPOINT WARNING * * *
The skeletal warrior hits you with a flail.
* * * LOW HITPOINT WARNING * * *
You can drink potions again.
There is an open door here.
There is an open door here.
There is an open door here.
There is a stone staircase leading up here.
The skeletal warrior closely misses you.
You climb upwards.
Level annotation: Gastronok; Psyche; nikopol's ghost, novice DEFE
There is a stone staircase leading down here.
Gastronok gurgles horribly!
Gastronok waves his eye-stalks in wide circles.
The air twists around and strikes you!
You feel threatened and lose the ability to drink potions!
* * * LOW HITPOINT WARNING * * *
You closely miss the skeletal warrior.
The skeletal warrior is heavily damaged.
You can drink potions again.
The skeletal warrior hits you but does no damage.
Really quaff
l - 2 potions of lignification {!q}?
You turn into a tree.
Your +0 helmet melds into your body.
Your +0 pair of gloves melds into your body.
Your +0 pair of boots melds into your body.
Your +0 ring mail melds into your body.
Your roots penetrate the ground.
Gastronok casts a spell.
You feel sluggish.
The skeletal warrior hits you with a flail!
You feel threatened and lose the ability to drink potions!
* * * LOW HITPOINT WARNING * * *
You closely miss the skeletal warrior.
The skeletal warrior is heavily damaged.
The skeletal warrior is stunned by your will and fails to attack.
Gastronok gurgles.
You barely miss the skeletal warrior.
The skeletal warrior is heavily damaged.
The skeletal warrior is stunned by your will and fails to attack.
You slash the skeletal warrior!
The skeletal warrior is almost destroyed.
The skeletal warrior hits you with a flail.
* * * LOW HITPOINT WARNING * * *
You closely miss the skeletal warrior.
The skeletal warrior is almost destroyed.
You can drink potions again.
The skeletal warrior hits you but does no damage.
You barely miss the skeletal warrior.
The skeletal warrior is severely damaged.
You are feeling very hungry.
The skeletal warrior hits you but does no damage.
Gastronok gurgles, "I'll eat you, I will!"
The skeletal warrior hits you with a flail!
You feel threatened and lose the ability to drink potions!
You die...

###########
#..♣.......
#.#z###!###
.. #.# ### .
## #.# !. ...
#w# ..# ..)..
#.# ..# .....
#.###..#
##.##
###.#....#...
#.##
#..>.(...'...
.....


You could see Gastronok and a skeletal warrior.

Vanquished Creatures
  A centaur zombie (D:7)
  The ghost of Mgcat the Skirmisher, a novice GrGl of Ru (D:5)
  Grinder (D:5)
  A hornet (D:9)
  4 yaks (D:9)
  A black bear (D:7)
  3 ice beasts
  A sky beast (D:7)
  3 orc warriors
  3 ogres
  The ghost of Monsterracer the Gusty, an amateur DgAE (D:3)
  4 centaurs
  Blork the orc (D:4)
  A gnoll sergeant (D:9)
  6 bullfrogs
  A scorpion (D:3)
  8 killer bees
  5 wights (D:8)
  2 howler monkeys
  4 crimson imps
  4 orc priests
  3 centaur skeletons
  A hound (D:4)
  A jelly (D:9)
  3 iguanas
  A bullfrog skeleton (D:5)
  6 worker ants
  A hound zombie (D:5)
  A worker ant zombie (D:5)
  10 adders
  A shadow imp (D:6)
  An ooze (D:6)
  An adder zombie (D:6)
  2 adder skeletons
  4 worms
  A dart slug (D:1)
  3 leopard geckos
  21 orcs
  9 bats
  4 giant cockroaches
  4 hobgoblins
  14 jackals
  5 quokkas
  5 frilled lizards
  13 goblins
  6 kobolds
  A leopard gecko skeleton (D:4)
  2 quokka skeletons
  A quokka zombie (D:9)
  13 rats
194 creatures vanquished.

Vanquished Creatures (others)
  A killer bee (D:8)
1 creature vanquished.

Grand Total: 195 creatures vanquished

Notes
Turn   | Place    | Note
-------+----------+-------------------------------------------
     0 | D:1      | Mgcat the Gargoyle Gladiator began the quest for the Orb.
     0 | D:1      | Reached XP level 1. HP: 12/12 MP: 1/1
    45 | D:1      | Reached skill level 2 in Throwing
    45 | D:1      | Reached XP level 2. HP: 10/18 MP: 2/2
   774 | D:2      | HP: 4/18 [adder (3)]
  1062 | D:2      | Reached skill level 3 in Axes
  1062 | D:2      | Reached XP level 3. HP: 14/22 MP: 3/3
  1108 | D:2      | Found a faded altar of an unknown god.
  1418 | D:2      | Reached XP level 4. HP: 24/27 MP: 4/4
  1434 | D:2      | Reached skill level 3 in Fighting
  1485 | D:2      | Found a shattered altar of Ashenzari.
  1819 | D:3      | Reached skill level 3 in Dodging
  2068 | D:3      | Reached skill level 1 in Armour
  2068 | D:3      | Reached XP level 5. HP: 29/32 MP: 5/5
  2215 | D:3      | Noticed Monsterracer's ghost (amateur DgAE)
  2225 | D:3      | Killed Monsterracer's ghost
  2225 | D:3      | Reached skill level 3 in Throwing
  2225 | D:3      | Reached XP level 6. HP: 30/38 MP: 6/6
  2541 | D:3      | Reached skill level 2 in Armour
  2734 | D:4      | Reached skill level 4 in Fighting
  2930 | D:4      | Noticed Blork the orc
  3001 | D:4      | Reached skill level 4 in Axes
  3203 | D:4      | Killed Blork the orc
  3355 | D:5      | Entered Level 5 of the Dungeon
  3366 | D:5      | Reached XP level 7. HP: 43/43 MP: 7/7
  3489 | D:5      | HP: 8/44 [killer bee (5)]
  3491 | D:5      | Reached skill level 3 in Armour
  3521 | D:5      | HP: 10/44 [killer bee (6)]
  3528 | D:5      | HP: 3/44 [killer bee (4)]
  3537 | D:5      | HP: 9/44 [killer bee (4)]
  3540 | D:5      | Reached skill level 4 in Throwing
  3766 | D:5      | Noticed Grinder
  3776 | D:5      | Paralysed by Grinder for 7 turns
  3789 | D:5      | Paralysed by Grinder for 4 turns
  3801 | D:5      | Killed Grinder
  3801 | D:5      | Reached skill level 5 in Fighting
  3801 | D:5      | Reached XP level 8. HP: 15/49 MP: 4/8
  3975 | D:5      | Reached skill level 4 in Armour
  4087 | D:5      | Found a staircase to the Ecumenical Temple.
  4096 | Temple   | Entered the Ecumenical Temple
  4137 | Temple   | Became a worshipper of Ru the Awakened
  4409 | D:5      | Noticed Mgcat's ghost (novice GrGl)
  4793 | D:4      | Reached skill level 5 in Axes
  4971 | D:5      | Killed Mgcat's ghost
  4971 | D:5      | Reached skill level 6 in Fighting
  4971 | D:5      | Reached skill level 5 in Throwing
  4971 | D:5      | Reached skill level 5 in Armour
  5526 | D:6      | Reached XP level 9. HP: 56/56 MP: 9/9
  5723 | D:6      | Reached skill level 6 in Axes
  5787 | D:6      | Gained mutation: You cannot drink potions while threatened. [Ru sacrifice]
  5787 | D:6      | Reached * piety under Ru
  6126 | D:7      | Reached skill level 6 in Armour
  6380 | D:7      | Reached skill level 7 in Fighting
  6775 | D:7      | HP: 12/58 [orc warrior/halberd (14)]
  6975 | D:7      | Found a basalt altar of Yredelemnul.
  7108 | D:7      | Found a sparkling altar of Nemelex Xobeh.
  7119 | D:7      | Found a hide-covered altar of Uskayaw.
  7153 | D:7      | Reached skill level 7 in Armour
  7411 | D:8      | Reached skill level 7 in Axes
  7426 | D:8      | Reached skill level 8 in Fighting
  7430 | D:8      | Reached XP level 10. HP: 46/64 MP: 8/10
  7558 | D:8      | Noticed Psyche
  7819 | D:8      | HP: 16/65 [orc warrior/halberd of venom (5)]
  7923 | D:8      | Noticed nikopol's ghost (novice DEFE)
  8014 | D:8      | Noticed Gastronok
  8023 | D:8      | HP: 14/65 [Gastronok/the air (20)]
  8421 | D:9      | Reached skill level 8 in Armour
  8491 | D:9      | Gained mutation: You are hated by all. [Ru sacrifice]
  8491 | D:9      | Reached ** piety under Ru
  8546 | D:9      | Reached skill level 9 in Fighting
  8638 | D:9      | Noticed a skeletal warrior
  8638 | D:9      | Noticed a skeletal warrior
  8642 | D:9      | Noticed a skeletal warrior
  8654 | D:9      | HP: 14/66 [skeletal warrior/flail (8)]
  8984 | D:9      | HP: 16/66 [skeletal warrior/flail (13)]
  8990 | D:9      | HP: 14/66 [skeletal warrior/flail (4)]
  8992 | D:9      | Noticed a skeletal warrior
  8992 | D:9      | HP: 4/66 [skeletal warrior/flail (10)]
  9035 | D:8      | HP: 7/66 [Gastronok/the air (4)]
  9043 | D:8      | HP: 7/99 [skeletal warrior/flail (6)]
  9048 | D:8      | Slain by a skeletal warrior

Skill      XL: |  1  2  3  4  5  6  7  8  9 10 |
---------------+-------------------------------+-----
Throwing       | 2 3 4 5 |  5.9
Axes           | 3 4 5 7 |  7.9
Fighting       | 3 4 5 6 8 9 |  9.1
Dodging        | 3 |  3.0
Armour         | 1 2 3 5 7 8 |  8.4

Action                   |  1- 3 |  4- 6 |  7- 9 | 10-12 || total
-------------------------+-------+-------+-------+-------++-------
Melee: War axe           |    92 |   175 |   404 |    70 ||   741
       Battleaxe         |       |       |       |   116 ||   116
Throw: Throwing net      |     1 |     1 |     3 |       ||     5
       Tomahawk          |       |       |    17 |       ||    17
Invok: Sacrifice Drink   |       |       |     1 |       ||     1
       Sacrifice Love    |       |       |       |     1 ||     1
  Use: Scroll            |       |    12 |     6 |     1 ||    19
       Potion            |       |       |     7 |     1 ||     8
 Stab: Sleeping          |     1 |       |     2 |     2 ||     5
  Eat: Chunk             |     2 |     6 |    10 |     5 ||    23
       Ration            |       |       |     1 |       ||     1
Armor: Leather armour    |    34 |       |       |       ||    34
       Ring mail         |    16 |    79 |   236 |    67 ||   398
       Skin              |       |       |    17 |     2 ||    19
Dodge: Dodged            |    75 |   134 |   289 |   100 ||   598

Vault maps used:
D:1:      ncdulo_lavacross, minmay_vboxes
D:2:      evilmike_ruin_ashenzari, first_ration,
          chequers_ecumenical_altar_island
D:3:      serial_park_tiny_2
D:4:      minmay_opposing_rooms, uniq_blork_the_orc
D:5:      temple_hall, uniq_grinder
D:7:      amethyst_overflow_temple_binary, basic_altar
D:8:      lemuel_coloured_pillars_altar, uniq_psyche, uniq_gastronok
D:9:      kennysheep_orc_monster_closet_entryway, uniq_prince_ribbit1
Temple:   dpeg_five_rooms_temple

Table legend:
 A = Turns spent in this place as a percentage of turns spent in the entire game.
 B = Non-inter-level travel turns spent in this place as a percentage of non-inter-level travel turns spent in the entire game.
 C = Inter-level travel turns spent in this place as a percentage of turns spent in this place.
 D = Turns resting spent in this place as a percentage of non-inter-level travel turns spent in this place.
 E = Turns spent auto-exploring this place as a percentage of non-inter-level travel turns spent in this place.
 F = Non-inter-level travel turns spent in this place divided by the number of levels of this place that you've seen.
                   A       B       C       D       E      F
               +-------+-------+-------+-------+-------+----------------------
         Total | 100.0 | 100.0 |   5.6 |   9.7 |  67.0 | 853.9
       Dungeon |  99.2 |  99.5 |   5.3 |   9.8 |  66.9 | 944.0
        Temple |   0.8 |   0.5 |  41.1 |   0.0 |  86.0 |  43.0
               +-------+-------+-------+-------+-------+----------------------

Table legend:
 A = Kills in this place as a percentage of kills in entire the game.
 B = Kills by you in this place as a percentage of kills by you in the entire game.
 C = Kills by friends in this place as a percentage of kills by friends in the entire game.
 D = Other kills in this place as a percentage of other kills in the entire game.
 E = Experience gained in this place as a percentage of experience gained in the entire game.
 F = Experience gained in this place divided by the number of levels of this place that you have seen.
                   A       B       C       D       E      F
               +-------+-------+-------+-------+-------+----------------------
         Total | 100.0 | 100.0 |   N/A | 100.0 | 100.0 | 716.3
       Dungeon | 100.0 | 100.0 |   N/A | 100.0 | 100.0 | 795.9
               +-------+-------+-------+-------+-------+----------------------
